PL
CALIFORNIA OCEANLINERS @ TOLEDO TITANS
09/11/2020
 
TOP OF THE 1ST
California Oceanliners batting - Pitching for Toledo Titans : RHP Devin Hinton
Pitching: RHP Devin Hinton
Batting: SHB Mustapha Gonzales 0-0: Swinging Strike
0-1: Foul Ball, location: 2F
0-2: Ball
1-2: Strikes out swinging
Batting: LHB Bill Burgess 0-0: Ball
1-0: Ball
2-0: Foul Ball, location: 2F
2-1: Foul Ball, location: 2F
2-2: Ball
3-2: Ground out 3-1 (Groundball, 3)
Batting: RHB Tim Barnes 0-0: Ball
1-0: Fly out, F5 (Line Drive, 5S)
Top of the 1st over - 0 run(s), 0 hit(s), 0 error(s), 0 left on base; California 0 - Toledo 0
BOTTOM OF THE 1ST
Toledo Titans batting - Pitching for California Oceanliners : RHP George Frazier
Pitching: RHP George Frazier
Batting: RHB Sherman Davis 0-0: Fly out, F9 (Line Drive, 89M)
Batting: LHB David Martínez 0-0: SINGLE (Groundball, 4M)
Batting: LHB Michael Neely 0-0: Called Strike
0-1: Ball
1-1: Foul Ball, location: 2F
1-2: Ball
2-2: Grounds out, U3 (Groundball, 3L)
Batting: LHB Miguel Chávez 0-0: Ball
1-0: Ball
2-0: Called Strike
2-1: Called Strike
2-2: Foul Ball, location: 2F
2-2: Ground out 4-3 (Groundball, 34)
Bottom of the 1st over - 0 run(s), 1 hit(s), 0 error(s), 1 left on base; California 0 - Toledo 0
TOP OF THE 2ND
California Oceanliners batting - Pitching for Toledo Titans : RHP Devin Hinton
Batting: RHB Enrique Pérez 0-0: SINGLE (Groundball, 6MD)
Batting: RHB Brad Perry 0-0: Called Strike
0-1: Foul Ball, location: 2F
0-2: Foul Ball, location: 2F
0-2: Ball
1-2: Ground out 5-3 (Groundball, 56S)
Enrique Pérez to second
Batting: RHB Karl Schultz 0-0: Called Strike
0-1: Foul Ball, location: 2F
0-2: Ground out 1-3 (Groundball, 15)
Batting: LHB Morgan Carney 0-0: Called Strike
0-1: Ball
1-1: Foul Ball, location: 2F
1-2: Foul Ball, location: 2F
1-2: Fly out, F8 (Flyball, 78XD)
Top of the 2nd over - 0 run(s), 1 hit(s), 0 error(s), 1 left on base; California 0 - Toledo 0
BOTTOM OF THE 2ND
Toledo Titans batting - Pitching for California Oceanliners : RHP George Frazier
Batting: RHB Juan Orozco 0-0: Ball
1-0: Fly out, F3 (Popup, 3SF)
Batting: LHB Chris West 0-0: Called Strike
0-1: Foul Ball, location: 2F
0-2: Ground out 4-3 (Groundball, 4)
Batting: LHB Iván Gonzáles 0-0: Ball
1-0: Called Strike
1-1: Swinging Strike
1-2: Foul Ball, location: 2F
1-2: Ground out 4-3 (Groundball, 34)
Bottom of the 2nd over - 0 run(s), 0 hit(s), 0 error(s), 0 left on base; California 0 - Toledo 0
TOP OF THE 3RD
California Oceanliners batting - Pitching for Toledo Titans : RHP Devin Hinton
Batting: RHB George Frazier 0-0: Ball
1-0: Ball
2-0: Called Strike
2-1: Ball
3-1: Fly out, F8 (Flyball, 8LM)
Batting: RHB Brian King 0-0: Ball
1-0: Ball
2-0: Swinging Strike
2-1: Swinging Strike
2-2: Foul Ball, location: 2F
2-2: Strikes out swinging
Batting: SHB Mustapha Gonzales 0-0: Called Strike
0-1: Ground out 4-3 (Groundball, 13)
Top of the 3rd over - 0 run(s), 0 hit(s), 0 error(s), 0 left on base; California 0 - Toledo 0
BOTTOM OF THE 3RD
Toledo Titans batting - Pitching for California Oceanliners : RHP George Frazier
Batting: RHB Brad Brown 0-0: Called Strike
0-1: Foul Ball, location: 2F
0-2: Fly out, F8 (Flyball, 8RD)
Batting: RHB Devin Hinton 0-0: Called Strike
0-1: Foul Ball, location: 2F
0-2: Ball
1-2: Strikes out swinging
Batting: RHB Sherman Davis 0-0: Called Strike
0-1: Called Strike
0-2: Foul Ball, location: 2F
0-2: Foul Ball, location: 2F
0-2: Ball
1-2: Strikes out swinging
Bottom of the 3rd over - 0 run(s), 0 hit(s), 0 error(s), 0 left on base; California 0 - Toledo 0
TOP OF THE 4TH
California Oceanliners batting - Pitching for Toledo Titans : RHP Devin Hinton
Batting: LHB Bill Burgess 0-0: Called Strike
0-1: SINGLE (Line Drive, 56)
Batting: RHB Tim Barnes 0-0: SINGLE (Groundball, 56D)
Bill Burgess to second
Batting: RHB Enrique Pérez 0-0: Ball
1-0: Called Strike
1-1: 3-RUN HOME RUN (Flyball, 7D), Distance : 391 ft
Batting: RHB Brad Perry 0-0: Ball
1-0: Ball
2-0: Foul Ball, location: 2F
2-1: Ground out 4-3 (Groundball, 4)
Batting: RHB Karl Schultz 0-0: Foul Ball, location: 2F
0-1: Ball
1-1: Ball
2-1: Foul Ball, location: 2F
2-2: Ball
3-2: Foul Ball, location: 2F
3-2: Foul Ball, location: 2F
3-2: Strikes out looking
Batting: LHB Morgan Carney 0-0: Swinging Strike
0-1: Called Strike
0-2: Ground out 5-3 (Groundball, 15S)
Top of the 4th over - 3 run(s), 3 hit(s), 0 error(s), 0 left on base; California 3 - Toledo 0
BOTTOM OF THE 4TH
Toledo Titans batting - Pitching for California Oceanliners : RHP George Frazier
Batting: LHB David Martínez 0-0: Ball
1-0: Called Strike
1-1: Fly out, F5 (Popup, 15)
Batting: LHB Michael Neely 0-0: Ball
1-0: Ball
2-0: Swinging Strike
2-1: Ball
3-1: Called Strike
3-2: Foul Ball, location: 2F
3-2: Base on Balls
Batting: LHB Miguel Chávez 0-0: Grounds into double play, U6-3 (Groundball, 6M)
Bottom of the 4th over - 0 run(s), 0 hit(s), 0 error(s), 0 left on base; California 3 - Toledo 0
TOP OF THE 5TH
California Oceanliners batting - Pitching for Toledo Titans : RHP Devin Hinton
Batting: RHB George Frazier 0-0: Fly out, F4 (Popup, 4)
Batting: RHB Brian King 0-0: Called Strike
0-1: Ground out 6-3 (Groundball, 6)
Batting: SHB Mustapha Gonzales 0-0: Ball
1-0: Called Strike
1-1: Swinging Strike
1-2: Ball
2-2: Strikes out looking
Top of the 5th over - 0 run(s), 0 hit(s), 0 error(s), 0 left on base; California 3 - Toledo 0
BOTTOM OF THE 5TH
Toledo Titans batting - Pitching for California Oceanliners : RHP George Frazier
Batting: RHB Juan Orozco 0-0: Ball
1-0: Foul Ball, location: 2F
1-1: Fly out, F6 (Popup, 6M)
Batting: LHB Chris West 0-0: Ball
1-0: TRIPLE (Line Drive, 3L)
Batting: LHB Iván Gonzáles 0-0: Foul Ball, location: 2F
0-1: 2-RUN HOME RUN (Line Drive, 9D), Distance : 397 ft
Batting: RHB Brad Brown 0-0: Ball
1-0: Foul Ball, location: 2F
1-1: Ground out 6-3 (Groundball, 6M)
Batting: RHB Devin Hinton 0-0: Called Strike
0-1: Swinging Strike
0-2: Ball
1-2: Ball
2-2: Ground out 1-3 (Groundball, 15)
Bottom of the 5th over - 2 run(s), 2 hit(s), 0 error(s), 0 left on base; California 3 - Toledo 2
TOP OF THE 6TH
California Oceanliners batting - Pitching for Toledo Titans : RHP Devin Hinton
Batting: LHB Bill Burgess 0-0: Swinging Strike
0-1: Fly out, F7 (Flyball, 7LS)
Pitching: RHP Ryoichi Maruyama
Batting: RHB Tim Barnes 0-0: Ball
1-0: Ball
2-0: Foul Ball, location: 2F
2-1: Swinging Strike
2-2: Foul Ball, location: 2F
2-2: Foul Ball, location: 2F
2-2: Ball
3-2: Base on Balls
Batting: RHB Enrique Pérez 0-0: Ball
1-0: Ball
2-0: Swinging Strike
2-1: Foul Ball, location: 2F
2-2: Ball
3-2: Base on Balls
Tim Barnes to second
Batting: RHB Brad Perry 0-0: Swinging Strike
0-1: Ball
1-1: Ball
2-1: Swinging Strike
2-2: Ball
3-2: Strikes out swinging
Batting: RHB Karl Schultz 0-0: Ball
1-0: Swinging Strike
1-1: Ball
2-1: Swinging Strike
2-2: Ball
3-2: Foul Ball, location: 2F
3-2: Ground out 6-3 (Groundball, 6)
Top of the 6th over - 0 run(s), 0 hit(s), 0 error(s), 2 left on base; California 3 - Toledo 2
BOTTOM OF THE 6TH
Toledo Titans batting - Pitching for California Oceanliners : RHP George Frazier
Batting: RHB Sherman Davis 0-0: Fly out, F8 (Flyball, 8LXD)
Batting: LHB David Martínez 0-0: Ball
1-0: Foul Ball, location: 2F
1-1: Called Strike
1-2: Foul Ball, location: 2F
1-2: Foul Ball, location: 2F
1-2: Ball
2-2: SINGLE (Groundball, 56D)
Batting: LHB Michael Neely 0-0: Ball
1-0: Foul Ball, location: 2F
1-1: Ball
2-1: Ball
3-1: Base on Balls
David Martínez to second
Batting: LHB Miguel Chávez 0-0: Ball
1-0: Ball
2-0: Ball
3-0: Called Strike
3-1: Foul Ball, location: 2F
3-2: SINGLE (Line Drive, 89S)
David Martínez to third
Michael Neely to second
Batting: RHB Juan Orozco 0-0: Ball
1-0: Ball
2-0: Foul Ball, location: 2F
2-1: Ball
3-1: Base on Balls
David Martínez scores
Michael Neely to third
Miguel Chávez to second
Batting: LHB Chris West 0-0: Called Strike
0-1: Ball
1-1: Ball
2-1: Ball
3-1: Called Strike
3-2: Fly out, F7 (Flyball, 78S)
Batting: LHB Iván Gonzáles 0-0: Ball
1-0: Foul Ball, location: 2F
1-1: Ball
2-1: SINGLE (Line Drive, 8RS)
Michael Neely scores
Miguel Chávez to third
Juan Orozco to second
Runner from 3rd tries for Home, SAFE, throw made home
Juan Orozco to third
Iván Gonzáles to second
Batting: RHB Brad Brown 0-0: Ball
1-0: Swinging Strike
1-1: Ball
2-1: Ground out 3-1 (Groundball, 34S)
Bottom of the 6th over - 3 run(s), 3 hit(s), 0 error(s), 2 left on base; California 3 - Toledo 5
TOP OF THE 7TH
California Oceanliners batting - Pitching for Toledo Titans : RHP Ryoichi Maruyama
Batting: LHB Morgan Carney 0-0: Swinging Strike
0-1: Ball
1-1: Ball
2-1: Called Strike
2-2: Ball
3-2: Base on Balls
Pinch Hitting: RHB Soseki Matsunaga 0-0: Called Strike
0-1: Ball
1-1: Ball
2-1: Grounds into double play, 6-4-3 (Groundball, 6M)
Batting: RHB Brian King 0-0: Swinging Strike
0-1: Swinging Strike
0-2: Strikes out looking
Top of the 7th over - 0 run(s), 0 hit(s), 0 error(s), 0 left on base; California 3 - Toledo 5
BOTTOM OF THE 7TH
Toledo Titans batting - Pitching for California Oceanliners : RHP George Frazier
Pitching: RHP Brandon Bannatyne
Pinch Hitting: LHB Maxwell Ings 0-0: Ball
1-0: Ball
2-0: Ball
3-0: Base on Balls
Batting: RHB Sherman Davis 0-0: Bunt - Flyout! F2
Batting: LHB David Martínez 0-0: Swinging Strike
0-1: Ball
1-1: Foul Ball, location: 2F
1-2: Foul Ball, location: 2F
1-2: DOUBLE (Line Drive, 9LM)
Maxwell Ings to third
Batting: LHB Michael Neely 0-0: Intentional Walk
Batting: LHB Miguel Chávez 0-0: Ball
1-0: Ball
2-0: Called Strike
2-1: Foul Ball, location: 2F
2-2: Foul Ball, location: 2F
2-2: Foul Ball, location: 2F
2-2: Ball
3-2: Foul Ball, location: 2F
3-2: Foul Ball, location: 2F
3-2: Foul Ball, location: 2F
3-2: SINGLE (Line Drive, 34D)
Maxwell Ings scores
David Martínez to third
Michael Neely to second
Batting: RHB Juan Orozco 0-0: Ball
1-0: SINGLE (Line Drive, 8RS)
David Martínez scores
Michael Neely to third
Miguel Chávez to second
Runner from 3rd tries for Home, SAFE, throw made home
Miguel Chávez to third
Juan Orozco to second
Pitching: RHP Nate Connolly
Batting: LHB Chris West 0-0: Ball
1-0: Called Strike
1-1: Swinging Strike
1-2: Ball
2-2: Fly out, F7 (Line Drive, 7M)
Runner from 3rd tags up, SCORES, throw made
Batting: LHB Iván Gonzáles 0-0: Called Strike
0-1: Ball
1-1: Ball
2-1: Swinging Strike
2-2: Ball
3-2: Strikes out swinging
Bottom of the 7th over - 4 run(s), 3 hit(s), 0 error(s), 1 left on base; California 3 - Toledo 9
TOP OF THE 8TH
California Oceanliners batting - Pitching for Toledo Titans : RHP Ryoichi Maruyama
Pitching: RHP Burt Booth
Batting: SHB Mustapha Gonzales 0-0: Foul Ball, location: 2F
0-1: Fly out, F8 (Flyball, 8RM)
Batting: LHB Bill Burgess 0-0: Ball
1-0: Called Strike
1-1: Foul Ball, location: 2F
1-2: SINGLE (Line Drive, 9S)
Batting: RHB Tim Barnes 0-0: Ball
1-0: Ball
2-0: Foul Ball, location: 2F
2-1: Foul Ball, location: 2F
2-2: Fly out, F9 (Flyball, 89M)
Batting: RHB Enrique Pérez 0-0: SINGLE (Groundball, 56)
Bill Burgess to second
Batting: RHB Brad Perry 0-0: Ball
1-0: Ball
2-0: Foul Ball, location: 2F
2-1: Foul Ball, location: 2F
2-2: Foul Ball, location: 2F
2-2: Fly out, F7 (Flyball, 7M)
Top of the 8th over - 0 run(s), 2 hit(s), 0 error(s), 2 left on base; California 3 - Toledo 9
BOTTOM OF THE 8TH
Toledo Titans batting - Pitching for California Oceanliners : RHP Nate Connolly
Batting: RHB Brad Brown 0-0: Ball
1-0: Foul Ball, location: 2F
1-1: Called Strike
1-2: SOLO HOME RUN (Line Drive, 7LD), Distance : 358 ft
Pinch Hitting: LHB Rick Harrison 0-0: Ground out 4-3 (Groundball, 4)
Batting: RHB Sherman Davis 0-0: Ball
1-0: Ball
2-0: Swinging Strike
2-1: Ball
3-1: Base on Balls
Batting: LHB David Martínez 0-0: Fielders Choice at 2nd, 6-4 (Groundball, 6M)
Batting: LHB Michael Neely 0-0: Ball
1-0: Ball
2-0: Foul Ball, location: 2F
2-1: Ball
3-1: Foul Ball, location: 2F
3-2: Ground out 1-3 (Groundball, 13)
Bottom of the 8th over - 1 run(s), 1 hit(s), 0 error(s), 1 left on base; California 3 - Toledo 10
TOP OF THE 9TH
California Oceanliners batting - Pitching for Toledo Titans : RHP Burt Booth
Pitching: LHP Xavier Perea
Batting: RHB Karl Schultz 0-0: Foul Ball, location: 2F
0-1: Hit by Pitch
Batting: LHB Morgan Carney 0-0: Ball
1-0: Called Strike
1-1: Called Strike
1-2: Ball
2-2: Foul Ball, location: 2F
2-2: Foul Ball, location: 2F
2-2: Foul Ball, location: 2F
2-2: Ball
3-2: Foul Ball, location: 2F
3-2: Strikes out swinging
Pinch Hitting: RHB Aaron Harper 0-0: Called Strike
0-1: Swinging Strike
0-2: Foul Ball, location: 2F
0-2: Foul Ball, location: 2F
0-2: Foul Ball, location: 2F
0-2: Ball
1-2: Reached on error, E1 (Groundball, 23)
Karl Schultz to second
Batting: RHB Brian King 0-0: Ball
1-0: Fly out, F8 (Flyball, 8LXD)
Runner from 2nd tags up, SAFE at 3rd, no throw
Batting: SHB Mustapha Gonzales 0-0: Foul Ball, location: 2F
0-1: Swinging Strike
0-2: Strikes out swinging
Top of the 9th over - 0 run(s), 0 hit(s), 1 error(s), 2 left on base; California 3 - Toledo 10
This league is powered by Out of the Park Baseball, the baseball management simulation game for PC, Mac and Linux
Friday, October 23rd, 2015 - OOTP Baseball 16.9 Build 39